 Dungeon Crawl Stone Soup version 0.30-a0-883-g5ad918d77d (webtiles) character file.

Game seed: 9831361391784538092

14 Zeldest the Conjurer (level 2, -4/19 (24) HPs)
             Began as a Meteoran Reaver on Mar 16, 2023.
             Killed from afar by Ijyb (16 damage)
             ... with a bolt of acid
             ... on level 3 of the Dungeon.
             The game lasted 00:01:45 (184 turns).

Zeldest the Conjurer (Meteoran Reaver)               Turns: 184, Time: 00:01:46

HP:   -4/19 (24)    AC:  3    Str: 13    XL:     2   Next: 82%
MP:   5/6           EV: 12    Int: 14    God:
Gold: 15            SH:  0    Dex: 12    Spells: 5/6 levels left

rFire   . . .      SeeInvis .    a - +0 hand axe
rCold   . . .      Faith    .    (no shield)
rNeg    . . .      Spirit   .    b - +0 leather armour
rPois   .          Reflect  .    (no helmet)
rElec   .          Rampage  .    (no cloak)
rCorr   .                        (no gloves)
Will    .....                    (no boots)
Stlth   +                        (no amulet)
HPRegen 0.23/turn                (no ring)
MPRegen 0.10/turn                (no ring)

@: lethally poisoned (-4 -> -9), glowing, heavily drained
A: sense surroundings 1, otherworldly, glowing, explore regen
a: no special abilities


You were on level 3 of the Dungeon.
You visited 1 branch of the dungeon, and saw 3 of its levels.

You collected 15 gold pieces.

Inventory:

Hand Weapons
 a - a +0 hand axe (weapon)
Armour
 b - a +0 leather armour (worn)
Scrolls
 d - a scroll of teleportation {unknown}
 e - a scroll of identify {unknown}
 f - a scroll of noise {unknown}
Potions
 c - a potion of curing {unknown}
 g - a potion of haste {unknown}
 h - a potion of brilliance {unknown}


   Skills:
 - Level 2.2 Fighting
 - Level 3.6 Axes
 - Level 2.4 Dodging
 - Level 2.7 Spellcasting
 + Level 4.1 Conjurations
 + Level 1.4 Earth Magic


You had 5 spell levels left.
You knew the following spells:

 Your Spells              Type           Power      Damage    Failure   Level
a - Kiss of Death         Conj/Necr      28%        2d7       12%         1

Your spell library contained the following spells:

 Spells                   Type           Power      Damage    Failure   Level
 Momentum Strike          Conj/Tloc      14%        3d8       19%         2
 Hailstorm                Conj/Ice       7%         3d4       36%         3
 Animate Armour           Summ/Erth      6%         N/A       91%         4
 Blade Hands              Tmut           0%         N/A       100%        5
 Iron Shot                Conj/Erth      4%         9d2       100%        6


Dungeon Overview and Level Annotations

Branches:
Dungeon (3/15) Zot: 1614

Altars:

Annotations:
D:3 Ijyb


Innate Abilities, Weirdness & Mutations

You passively map a small area around you.
You are easily found by Zot.
You glow in the dark.
You regain HP and MP as you explore.


Message History

You now have 13 gold pieces.
Found a scroll labelled HYGOXE YCVABBAOLL.
Found a scroll labelled HOASUREHUO.
Found a ruby potion.
e - a scroll labelled HYGOXE YCVABBAOLL
Found a murky yellow potion.
f - a scroll labelled HOASUREHUO
Found 2 gold pieces, a robe and 4 stones.
g - a murky yellow potion You now have 15 gold pieces (gained 2).
Found a robe.
You see here 4 stones.
h - a ruby potion
Found an escape hatch in the floor.
You see here a +0 robe.
You open the door.
There is an open door here.
There is an escape hatch in the floor here.
You slide downwards.
The hatch slams shut behind you.
Found a ring mail and 13 gold pieces.
Found a stone staircase leading down.
Ijyb the Twisted Goblin comes into view.
She is wielding a +0 dagger and carrying a wand of acid (2).
Found an escape hatch in the floor.
Ijyb shouts!
Ijyb zaps a wand.
The bolt of acid hits you!
Ouch! That really hurt!
Casting: Kiss of Death (safe; 12% risk of failure)
Confirm with . or Enter, or press ? or * to list all spells.
Aiming: Kiss of Death (safe; 12% risk of failure)
Press: ? - help, Shift-Dir - straight line, f - scorpion
Aim: a scorpion (100% to hit)
The negative energy hits the scorpion!
The scorpion is drained!
The scorpion is almost dead.
You feel drained. The scorpion stings you.
You are poisoned.
The scorpion poisons you!
You hit the scorpion.
You kill the scorpion!
You feel sick.
Ijyb zaps a wand.
The bolt of acid hits you!
Ouch! That really hurt!
You die...

* * #.# * ,,
..# ,, , *#.#
## #. #.#
..#. #.# #
##.#.##.# * *
#>,. $..#.# *
...#.#..#.# *
..g.#..#@###,
, ,
......>#†..#
* * #...g#.#
* * *
#..#.#.#,
#..#w# # * *
#....#,*
#..###, * , ,
,...[ , ,
,.#.w# , *


You could see Ijyb and a worm.

Vanquished Creatures
  A scorpion (D:3)
  An adder (D:2)
  A dart slug (D:2)
  An endoplasm (D:1)
  A bat (D:1)
5 creatures vanquished.

Notes
Turn   | Place    | Note
-------+----------+-------------------------------------------
     0 | D:1      | Zeldest the Meteoran Reaver began the quest for the Orb.
     0 | D:1      | Reached XP level 1. HP: 17/17 MP: 5/5
   109 | D:2      | Reached skill level 4 in Conjurations
   109 | D:2      | Reached skill level 1 in Earth Magic
   109 | D:2      | Reached XP level 2. HP: 15/23 MP: 4/6
   174 | D:3      | Noticed a scorpion
   175 | D:3      | Noticed Ijyb
   184 | D:3      | Killed a scorpion
   184 | D:3      | Killed from afar by Ijyb

Illustrated notes

Levels and vault maps discovered:
D:1:      amcnicky_arrival_abandoned_market, layout_basic,
          ebering_ecumenical_altar_sacrificial, nrook_campfire
D:2:      layout_rooms, minmay_misc_feat_doors
D:3:      layout_basic, uniq_grinder, uniq_ijyb

Skill      XL: |  1 |
---------------+----+-----
Conjurations   | 4 |  4.1
Earth Magic    | 1 |  1.4
Fighting       | |  2.2
Axes           | |  3.6
Dodging        | |  2.4
Spellcasting   | |  2.7

Action                     || total
---------------------------++-------
  Melee: Hand axe          ||     8
   Cast: Kiss of Death     ||     2
 Armour: Leather armour    ||     3
  Dodge: Dodged            ||     3

Table legend: (Time is in decaauts)
 A = Elapsed time spent in this place.
 B = Non-inter-level travel time spent in this place.
 C = Inter-level travel time spent in this place.
 D = Time resting spent in this place.
 E = Time spent auto-exploring this place.
 F = Levels seen in this place.
 G = Mean time per level.
                   A        B        C        D        E       F      G
               +--------+--------+--------+--------+--------+-----+--------+
         Total |    184 |    184 |      0 |      0 |      0 |   3 |   61.3 |
       Dungeon |    184 |    184 |      0 |      0 |      0 |   3 |   61.3 |
               +--------+--------+--------+--------+--------+-----+--------+

Top non-repeatable levels by time:
     D:2: 117 daAuts
     D:1: 57 daAuts
     D:3: 9 daAuts
